 Dungeon Crawl Stone Soup version 0.27-a0-419-g7a85846853 (webtiles) character file.

Game seed: 16154582148028614230

152 Chiseanne the Shield-Bearer (level 5, 0/39 HPs)
             Began as a Demonspawn Wanderer on Feb 26, 2021.
             Slain by an orc
             ... wielding a +0 hand axe
              (5 damage)
             ... on level 3 of the Dungeon.
             The game lasted 00:03:46 (3047 turns).

Chiseanne the Shield-Bearer (Demonspawn Wanderer)   Turns: 3047, Time: 00:03:46

Health: 0/39       AC:  9    Str:  9    XL:     5   Next: 11%
Magic:  8/8        EV:  6    Int: 18    God:
Gold:   123        SH:  8    Dex: 18    Spells: 8/9 levels left

rFire    . . .     SeeInvis .   j - +3 dagger
rCold    . . .     Faith    .   e - +0 kite shield
rNeg     . . .     Spirit   .   b - +0 scale mail
rPois    .         Reflect  .   s - +0 helmet
rElec    .         Harm     .   (no cloak)
rCorr    .         Rampage  .   (no gloves)
Will     .....                  (no boots)
Stlth    +.........             (no amulet)
HPRegen  0.13/turn              q - +6 ring of dexterity
MPRegen  0.11/turn              (no ring)

@: brilliant, very slightly contaminated, invisible
A: claws 1, rugged brown scales 2
a: no special abilities


You were on level 3 of the Dungeon.
You visited 1 branch of the dungeon, and saw 3 of its levels.

You collected 123 gold pieces.

Inventory:

Hand Weapons
 j - a +3 dagger (weapon)
Missiles
 g - 109 stones
Armour
 b - a +0 scale mail (worn)
 d - a +0 robe
 e - a +0 kite shield (worn)
 s - a +0 helmet (worn)
Jewellery
 q - a +6 ring of dexterity (left claw)
Scrolls
 i - 7 scrolls of identify {unknown}
 k - 3 scrolls of noise {unknown}
 l - 3 scrolls of teleportation {unknown}
 r - 3 scrolls of magic mapping {unknown}
 t - a scroll of fear {unknown}
Potions
 a - 2 potions of brilliance
 c - 2 potions of lignification
 f - 3 potions of curing
 h - a potion of cancellation {unknown}
 m - a potion of heal wounds {unknown}
 n - a potion of attraction {unknown}
 o - a potion of berserk rage {unknown}


   Skills:
 * Level 2.2 Fighting
 - Level 1.7 Staves
 * Level 1.9 Dodging
 - Level 1.0 Stealth
 * Level 2.8 Shields
 + Level 2.6 Spellcasting
 + Level 1.2 Conjurations
 - Level 1.0 Summonings
 - Level 1.7 Air Magic


You had 8 spell levels left.
You knew the following spells:

 Your Spells              Type           Power        Failure   Level
a - Shock                 Conj/Air       44%          98%         1

Your spell library contained the following spells:

 Spells                   Type           Power        Failure   Level
 Mephitic Cloud           Conj/Pois/Air  8%           100%        3


Dungeon Overview and Level Annotations

Branches:
Dungeon (3/15)

Altars:
Nemelex Xobeh


Innate Abilities, Weirdness & Mutations

You have sharp fingernails.
You are mostly covered in rugged brown scales. (AC +2, +5% HP)


Message History

You hit the orc wizard but do no damage.
The orc wizard is almost dead.
The orc wizard casts a spell at you. The puff of flame hits you!
* * * LOW HITPOINT WARNING * * *
You strike the helpless orc wizard from behind!
You hit the orc wizard.
You kill the orc wizard!
You have reached level 5!
Your demonic ancestry asserts itself...
Your fingernails lengthen.
You catch the helpless orc completely off-guard!
You hit the orc but do no damage.
The orc is lightly wounded.
The orc hits you but does no damage. The orc barely misses you.
You hit the orc but do no damage.
The orc is lightly wounded.
The orc hits you but does no damage.
You barely miss the orc.
The orc is lightly wounded.
The orc barely misses you.
You hit the orc but do no damage.
The orc is lightly wounded.
Things that are here:
a +0 dagger; a +0 robe; an orc corpse You catch the helpless orc completely off-guard!
You hit the orc.
The orc is severely wounded.
The orc hits you but does no damage.
You hit the orc but do no damage.
The orc is heavily wounded.
The orc hits you with a +0 hand axe.
* * * LOW HITPOINT WARNING * * *
You hit the orc but do no damage.
The orc is heavily wounded.
The orc barely misses you.
You hit the orc.
The orc is heavily wounded.
The orc hits you with a +0 hand axe.
You die...

............+.).........
##...#)#...##.###...###
#.. #†###.............
#...#)# #....#########
###.[.#.###............#
........................
###...#.####.#.#.......#
#####o####.#.....#####
#@))....##...#
##########...# #...#
#####


You could see an orc.

Vanquished Creatures
  Jessica (D:2)
  2 orc wizards (D:3)
  An adder (D:2)
  2 worms (D:2)
  3 dart slugs (D:1)
  A leopard gecko (D:3)
  2 orcs (D:3)
  6 bats
  6 giant cockroaches
  5 goblins
  4 hobgoblins
  7 kobolds
  A quokka (D:3)
  2 frilled lizards
  4 rats
47 creatures vanquished.

Vanquished Creatures (others)
  An orc wizard (D:3)
1 creature vanquished.

Grand Total: 48 creatures vanquished

Notes
Turn   | Place    | Note
-------+----------+-------------------------------------------
     0 | D:1      | Chiseanne the Demonspawn Wanderer began the quest for the
                  | Orb.
     0 | D:1      | Chiseanne set off with the following items: a +0 dagger, a
                  | potion of lignification, a +0 robe, a +0 kite shield; and
                  | the following spell memorised: Shock; and the following
                  | spells available to memorise: Mephitic Cloud
     0 | D:1      | Reached XP level 1. HP: 13/13 MP: 3/3
   314 | D:1      | Gained mutation: You are partially covered in rugged brown
                  | scales. (AC +1, +3% HP) [demonic ancestry]
   314 | D:1      | Reached XP level 2. HP: 12/20 MP: 5/5
  1040 | D:1      | Reached skill level 1 in Fighting
  1121 | D:1      | Reached skill level 1 in Dodging
  1424 | D:1      | Reached XP level 3. HP: 25/26 MP: 6/6
  2423 | D:2      | Found a sparkling altar of Nemelex Xobeh.
  2423 | D:2      | Noticed Jessica
  2429 | D:2      | Killed Jessica
  2430 | D:2      | Reached skill level 1 in Conjurations
  2430 | D:2      | Gained mutation: You are mostly covered in rugged brown
                  | scales. (AC +2, +5% HP) [demonic ancestry]
  2430 | D:2      | Reached XP level 4. HP: 27/34 MP: 7/7
  3038 | D:3      | Gained mutation: You have sharp fingernails. [demonic
                  | ancestry]
  3038 | D:3      | Reached XP level 5. HP: 9/39 MP: 8/8
  3047 | D:3      | Slain by an orc

Illustrated notes

Levels and vault maps discovered:
D:1:      dpeg_arrival_concentric_ovals, layout_basic
D:2:      layout_loops_ring, nrook_mini_backslash, nemelex_lonely_heart_becter
D:3:      layout_basic, due_unseen_surprise

Skill      XL: |  1  2  3  4 |
---------------+-------------+-----
Shields        | 2 |  2.8
Fighting       | 1 2 |  2.2
Dodging        | 1 |  1.9
Conjurations   | 1 |  1.2
Staves         | |  1.7
Stealth        | |  1.0
Spellcasting   | |  2.6
Summonings     | |  1.0
Air Magic      | |  1.7

Action                   |  1- 3 |  4- 6 || total
-------------------------+-------+-------++-------
Melee: Dagger            |   251 |    87 ||   338
  Use: Potion            |       |     3 ||     3
 Stab: Invisible         |       |     4 ||     4
Armor: Scale mail        |   141 |    46 ||   187
       Robe              |     1 |       ||     1
Dodge: Dodged            |    65 |    21 ||    86
Block: Kite shield       |    99 |    33 ||   132

Table legend: (Time is in decaauts)
 A = Elapsed time spent in this place.
 B = Non-inter-level travel time spent in this place.
 C = Inter-level travel time spent in this place.
 D = Time resting spent in this place.
 E = Time spent auto-exploring this place.
 F = Levels seen in this place.
 G = Mean time per level.
                   A        B        C        D        E       F      G
               +--------+--------+--------+--------+--------+-----+--------+
         Total |   3131 |   3075 |     56 |    477 |   1979 |   3 | 1043.7 |
       Dungeon |   3131 |   3075 |     56 |    477 |   1979 |   3 | 1043.7 |
               +--------+--------+--------+--------+--------+-----+--------+

Top non-repeatable levels by time:
     D:1: 1600 daAuts
     D:2: 1148 daAuts
     D:3: 382 daAuts
